 Seeded DCSS version 0.29-a0-723-gce39da1c22 (webtiles) character file.

Game seed: 2268593783933586396 (custom seed)

44632 hquester1 the Basher (level 13, 0/118 HPs)
             Began as a Minotaur Fighter on June 28, 2022.
             Was the Champion of Okawaru.
             Killed from afar by a lindwurm (32 damage)
             ... with a blast of flame
             ... on level 4 of the Lair of Beasts.
             The game lasted 01:02:28 (19809 turns).

hquester1 the Basher (Minotaur Fighter)            Turns: 19809, Time: 01:02:28

Health: 0/118      AC: 21    Str: 20    XL:     13   Next: 97%
Magic:  16/16      EV: 14    Int:  5    God:    Okawaru [******]
Gold:   1357       SH: 19    Dex: 16    Spells: 12/12 levels left

rFire   . . .      SeeInvis .   L - +4 eveningstar (protect)
rCold   . . .      Faith    .   g - +2 kite shield
rNeg    . . .      Spirit   .   b - +1 scale mail
rPois   +          Reflect  +   u - +2 hat
rElec   .          Harm     .   i - +2 cloak {rPois}
rCorr   .          Rampage  .   R - +0 pair of gloves
Will    .....                   (no boots)
Stlth   ..........              e - amulet of reflection
HPRegen 0.29/turn               H - +4 ring of protection
MPRegen 0.15/turn               A - ring of flight

@: flying, studying 2 skills
A: horns 2, retaliatory headbutt
a: Renounce Religion, Heroism, Finesse, Duel


You were on level 4 of the Lair of Beasts.
You worshipped Okawaru.
Okawaru was exalted by your worship.
You visited 3 branches of the dungeon, and saw 18 of its levels.
You also visited: Sewer, Ossuary, Bailey and Ice Cave.

You collected 1357 gold pieces.

Inventory:

Hand Weapons
 a - a +4 demon whip of venom
 L - a +4 eveningstar of protection (weapon)
 T - a +3 vampiric hand axe
 V - a +0 broad axe
Missiles
 q - a throwing net (quivered)
Armour
 b - a +1 scale mail (worn)
 g - a +2 kite shield (worn)
 i - a +2 cloak of poison resistance (worn)
 u - a +2 hat (worn)
 R - a +0 pair of gloves (worn)
Jewellery
 e - an amulet of reflection (around neck)
 n - an amulet of regeneration
 A - a ring of flight (right hand)
 H - a +4 ring of protection (left hand)
 J - a ring of wizardry
 K - a ring of resist corrosion
 M - a +4 ring of protection
Wands
 m - a wand of polymorph (15)
 o - a wand of flame (46)
 B - a wand of mindburst (5)
 C - a wand of iceblast (11)
 G - a wand of light (2)
 N - a wand of digging (7)
Scrolls
 f - 6 scrolls of vulnerability
 h - 6 scrolls of teleportation
 j - 3 scrolls of blinking
 p - a scroll of poison
 t - a scroll of identify
 x - 5 scrolls of enchant armour
 y - 2 scrolls of silence
 D - a scroll of brand weapon
Potions
 c - 2 potions of brilliance
 d - 8 potions of might
 k - 4 potions of mutation
 l - 7 potions of lignification
 r - 3 potions of cancellation {unknown}
 s - 5 potions of invisibility
 v - 5 potions of resistance
 w - 4 potions of attraction {unknown}
 z - 6 potions of haste
 E - 3 potions of heal wounds
 F - a potion of magic {unknown}
 I - 3 potions of flight
 P - 4 potions of berserk rage {unknown}
 Q - 4 potions of curing
 U - 2 potions of ambrosia {unknown}
Miscellaneous
 O - a tin of tremorstones (2/2)
 S - a condenser vane


   Skills:
 + Level 12.2 Fighting
 + Level 9.8 Short Blades
 + Level 5.8(11.1) Axes
 + Level 14.6(15.0) Maces & Flails
 + Level 12.0 Armour
 + Level 10.6 Dodging
 + Level 12.2 Shields
 + Level 6.0 Invocations
 + Level 5.8 Evocations


You had 12 spell levels left.
You didn't know any spells.
Your spell library contained the following spells:

 Spells                   Type           Power      Damage    Failure   Level
 Apportation              Tloc           0%         N/A       94%         1
 Necrotize                Necr           0%         1d4       94%         1
 Scorch                   Fire           0%         2d5       98%         2
 Confusing Touch          Hex            0%         N/A       100%        3
 Dazzling Flash           Conj/Hex       0%         N/A       100%        3
 Gell's Gravitas          Tloc           0%         N/A       100%        3
 Inner Flame              Hex/Fire       0%         N/A       100%        3
 Teleport Other           Tloc           0%         N/A       100%        3
 Cause Fear               Hex            0%         N/A       100%        4
 Flame Wave               Conj/Fire      0%         2d4       100%        4
 Iskenderun's Mystic Bla  Conj/Tloc      0%         2d3       100%        4
 Agony                    Necr           0%         N/A       100%        5
 Freezing Cloud           Conj/Ice/Air   0%         6-21      100%        5
 Silence                  Hex/Air        0%         N/A       100%        5
 Yara's Violent Unravell  Hex/Tmut       0%         3d3       100%        5
 Conjure Ball Lightning   Conj/Air       0%         3x3d6     100%        6
 Dispersal                Tloc           0%         N/A       100%        6
 Enfeeble                 Hex            0%         N/A       100%        7
 Discord                  Hex            0%         N/A       100%        8
 Summon Small Mammal      Summ           Unusable   N/A       N/A         1
 Summon Cactus Giant      Summ           Unusable   N/A       N/A         6

Dungeon Overview and Level Annotations

Branches:
Dungeon (13/15)            Temple (1/1) D:4            Lair (4/6) D:9
  Swamp (0/4) Lair:3        Snake (0/4) Lair:3          Orc (0/2) D:10
  Sewer (visited)         Ossuary (visited)          Bailey (visited)
  IceCv (visited)
 Vaults: D:13-14

Altars:
Ashenzari
Cheibriados
Dithmenos
Elyvilon
Fedhas
Gozag
Hepliaklqana
Kikubaaqudgha
Makhleb
Nemelex Xobeh
Okawaru
Qazlal
Ru
Sif Muna
Trog
Uskayaw
Vehumet
Wu Jian
Xom
Yredelemnul
Zin
The Shining One

Shops:
D:5 (   D:13 [

Annotations:
D:13 Jorgrun
Lair:2 1 runed translucent door, Qyfeak's ghost, journeyman DjVM
Lair:4 exclusion: 4 oklob plants


Innate Abilities, Weirdness & Mutations

You have a pair of horns on your head.
You reflexively headbutt those who attack you in melee.


Message History

Found an escape hatch in the floor.
Found 6 stones and a flail.
The rime drake hisses angrily.
The rime drake breathes ice at you. The flash freeze hits you!
You are encased in ice.
You block the lindwurm's attack. x2
The lindwurm claws you but does no damage.
Found 21 gold pieces.
The lindwurm roars!
The lindwurm barely misses you. You furiously retaliate!
You headbutt the lindwurm. The lindwurm claws you.
You block the lindwurm's attack.
You hit the rime drake.
Your weapon exudes an aura of protection.
The rime drake is lightly wounded.
You block the rime drake's attack. The lindwurm breathes flames at you.
The blast of flame hits you!!
* * * LOW HITPOINT WARNING * * *
The lindwurm breathes flames at you. The blast of flame misses you.
The ice encasing you melts away. The rime drake barely misses you.
You furiously retaliate!
You headbutt the rime drake!
You feel much better. The lindwurm closely misses you.
You block the lindwurm's attack. x2
The rime drake breathes ice at you. The flash freeze hits you!
* * * LOW HITPOINT WARNING * * *
You are encased in ice.
You block the rime drake's attack. The lindwurm attacks as you move away!
The lindwurm closely misses you. The lindwurm misses you.
You block the lindwurm's attack. The lindwurm breathes flames at you.
The blast of flame misses you. The ice encasing you melts away.
The lindwurm breathes flames at you. The blast of flame hits you!!
You die...

#..#.## ##...# ### ##.#.#
######.# #..#.## ### #.#.#..#
##....###.###.....##
##.#.#.#......§§§..########
#....##......§.§§.§.......# #
##...#...§...§≈§§§§≈......## #
#P........≈.≈@≈≈§≈§≈.≈.....###
##.......§§§≈§§§§§≈§≈§.(...#..
#.#....≈§§§≈§≈§§§§≈≈≈≈§...<..
#..(..§§§§§≈≈§≈§§§≈≈§≈≈...#..
#.##.§≈§≈≈§§≈.§k.§≈§≈§≈...##.
#.#..§≈§≈≈≈...##kk.§§§≈≈...#.
#.#..≈§§§§≈..####..≈§§§≈.....
##.....≈§≈≈..#.!$.#.§≈≈§≈.....
#.....≈≈§§≈.##?>)(##.≈≈§§≈....


You could see a lindwurm (catching breath).

Vanquished Creatures
  An ettin (D:12)
  4 hydras
  Erolcha (D:12)
  2 boulder beetles
  2 centaur warriors
  2 death yaks (Lair:4)
  2 lindwurms (Lair:4)
  Pikel (D:7)
  A manticore (D:12)
  3 cyclopes (D:12)
  Joseph (D:8)
  2 black mambas (Lair:2)
  2 elephants (Lair:4)
  2 gargoyles
  A torpor snail (Lair:3)
  Maggie (D:7)
  4 cane toads
  4 freezing wraiths (IceCv)
  An unseen horror (D:10)
  6 komodo dragons
  5 rime drakes
  10 ice devils (IceCv)
  Psyche (D:11)
  An anaconda simulacrum (IceCv)
  An entropy weaver simulacrum (IceCv)
  3 meliai (Lair:4)
  A queen bee (Lair:4)
  A polar bear (Lair:1)
  2 hornets
  6 trolls
  11 blink frogs
  Prince Ribbit (D:7)
  A slime creature (D:12)
  2 shadows (D:10)
  2 wyverns
  A vampire (D:11)
  A wraith (D:12)
  32 yaks
  A basilisk (Lair:4)
  8 vampire mosquitoes
  2 death yak simulacra (IceCv)
  A steam dragon (Lair:4)
  2 harpy simulacra (IceCv)
  3 nagas (Lair:3)
  2 acid dragons
  13 water moccasins
  A black bear (D:9)
  2 ice beasts
  2 sky beasts
  5 orc warriors
  2 ogres
  13 wolves
  7 centaurs
  A phantom (D:4)
  A lemure (D:7)
  5 kobold brigands
  2 elf zombies (Ossuary)
  A gnoll sergeant (D:5)
  3 scorpions
  9 bullfrogs
  A necrophage (D:6)
  A two-headed ogre simulacrum (IceCv)
  3 cane toad simulacra (IceCv)
  4 wights (D:8)
  2 elephant simulacra (IceCv)
  54 killer bees
  9 howler monkeys
  A jelly (D:6)
  2 centaur zombies (Ossuary)
  A human zombie (Ossuary)
  12 orc priests
  5 hounds
  Ijyb (D:5)
  3 iguanas (D:5)
  Terence (D:2)
  8 orc wizards
  5 polar bear simulacra (IceCv)
  A troll simulacrum (IceCv)
  2 spriggan simulacra (IceCv)
  3 wolf simulacra (IceCv)
  2 hound zombies (Ossuary)
  3 mummies (Ossuary)
  13 gnolls
  11 adders
  A naga simulacrum (IceCv)
  6 river rats
  A white imp (D:7)
  3 adder zombies (Ossuary)
  3 worms
  3 dart slugs
  70 orcs
  5 endoplasms
  11 giant cockroaches
  9 goblins
  A hobgoblin (D:2)
  4 jackals (D:4)
  23 kobolds
  5 quokkas
  14 ball pythons
  8 bats
  8 frilled lizards
  7 goblin zombies (Ossuary)
  A hobgoblin zombie (Ossuary)
  4 jackal zombies (Ossuary)
  3 kobold zombies (Ossuary)
  2 orc zombies (Ossuary)
  5 quokka zombies (Ossuary)
  28 rats
  A rat zombie (Ossuary)
585 creatures vanquished.

Vanquished Creatures (others)
  A bush (Lair:2)
  39 fungi
  39 plants
79 creatures vanquished.

Grand Total: 664 creatures vanquished

Notes
Turn   | Place    | Note
-------+----------+-------------------------------------------
     0 | D:1      | hquester1 the Minotaur Fighter began the quest for the Orb.
     0 | D:1      | Reached XP level 1. HP: 19/19 MP: 0/0
    79 | D:1      | Reached XP level 2. HP: 27/27 MP: 1/1
   281 | D:1      | Reached skill level 1 in Dodging
   498 | D:2      | Found a faded altar of an unknown god.
   554 | D:2      | Reached XP level 3. HP: 33/33 MP: 2/2
   723 | D:2      | Found a shadowy altar of Dithmenos.
   793 | D:2      | Reached skill level 3 in Maces & Flails
  1474 | D:2      | Noticed Terence
  1491 | D:2      | Killed Terence
  1492 | D:2      | Reached XP level 4. HP: 40/40 MP: 3/3
  1898 | D:3      | Found a hide-covered altar of Uskayaw.
  1964 | D:3      | Found a shimmering altar of Xom.
  2054 | D:4      | Found a shimmering blue altar of Sif Muna.
  2059 | D:4      | Identified the +3 whip "Arbiter" {speed, Dex+3}
  2069 | D:4      | Reached XP level 5. HP: 47/47 MP: 4/4
  2115 | D:4      | Found a sand-covered staircase.
  2122 | Ossuary  | Entered an ossuary
  2172 | Ossuary  | Reached skill level 4 in Maces & Flails
  2199 | Ossuary  | Reached skill level 5 in Fighting
  2199 | Ossuary  | Reached XP level 6. HP: 38/56 MP: 5/5
  2213 | Ossuary  | Reached skill level 5 in Shields
  2333 | Ossuary  | Reached skill level 5 in Armour
  2456 | D:4      | Reached XP level 7. HP: 46/61 MP: 6/6
  2506 | D:4      | Found a glowing drain.
  2515 | Sewer    | Entered a sewer
  2837 | Sewer    | Reached skill level 5 in Maces & Flails
  3269 | D:4      | Found a staircase to the Ecumenical Temple.
  3278 | Temple   | Entered the Ecumenical Temple
  3310 | Temple   | Became a worshipper of Warmaster Okawaru
  3442 | D:4      | Found a blossoming altar of Fedhas.
  3642 | D:4      | Reached XP level 8. HP: 68/70 MP: 7/7
  3702 | D:4      | Found an opulent altar of Gozag.
  4103 | D:5      | Entered Level 5 of the Dungeon
  4267 | D:5      | Noticed Ijyb
  4285 | D:5      | Killed Ijyb
  4446 | D:5      | Found an ancient bone altar of Kikubaaqudgha.
  4447 | D:5      | Found a white marble altar of Elyvilon.
  4700 | D:5      | Found Sutogece's Antique Weapon Emporium.
  5163 | D:6      | Reached skill level 6 in Maces & Flails
  5182 | D:6      | Reached * piety under Okawaru
  5183 | D:6      | Reached skill level 5 in Dodging
  6275 | D:7      | Reached XP level 9. HP: 22/79 MP: 8/8
  6304 | D:7      | Noticed Maggie
  6323 | D:7      | Killed Maggie
  6323 | D:7      | Reached ** piety under Okawaru
  6410 | D:7      | Reached skill level 7 in Maces & Flails
  6421 | D:7      | Found a flagged portal.
  6428 | D:7      | Identified the +9 spear "Anlottot" {speed, rC+}
  6432 | D:7      | Noticed Prince Ribbit
  6457 | D:7      | Killed Prince Ribbit
  6537 | Bailey   | Entered a bailey
  7180 | D:7      | Identified a scroll of acquirement
  7180 | D:7      | Acquired a +4 demon whip of venom
  7217 | D:7      | Noticed Pikel
  7225 | D:7      | Killed Pikel
  7225 | D:7      | Reached *** piety under Okawaru
  7716 | D:7      | Reached skill level 8 in Maces & Flails
  7727 | D:7      | Reached XP level 10. HP: 79/90 MP: 9/9
  8212 | D:7      | Found a burning altar of Makhleb.
  8251 | D:8      | Noticed Joseph
  8261 | D:8      | Killed Joseph
  8351 | D:8      | Reached **** piety under Okawaru
  8602 | D:8      | Reached skill level 9 in Maces & Flails
  9217 | D:9      | Found a staircase to the Lair.
  9249 | D:9      | Reached skill level 10 in Maces & Flails
  9394 | D:9      | Reached ***** piety under Okawaru
  9554 | D:9      | Reached skill level 1 in Short Blades
  9952 | D:10     | Entered Level 10 of the Dungeon
  9986 | D:10     | Noticed a centaur warrior
  9991 | D:10     | Killed a centaur warrior
  9992 | D:10     | Reached skill level 1 in Invocations
  9992 | D:10     | Reached skill level 1 in Evocations
  9992 | D:10     | Reached XP level 11. HP: 90/99 MP: 10/10
 10399 | D:10     | Reached skill level 10 in Fighting
 10399 | D:10     | Reached skill level 10 in Shields
 10484 | D:10     | Found a staircase to the Orcish Mines.
 10864 | D:10     | Reached skill level 10 in Armour
 11160 | D:11     | Received a gift from Okawaru
 11161 | D:11     | Reached skill level 11 in Maces & Flails
 11327 | D:11     | Noticed Psyche
 11340 | D:11     | Killed Psyche
 12283 | D:12     | Noticed an eight-headed hydra
 12301 | D:12     | Killed an eight-headed hydra
 12302 | D:12     | Reached skill level 5 in Short Blades
 12307 | D:12     | Received a gift from Okawaru
 12667 | D:12     | Noticed Erolcha
 12673 | D:12     | Killed Erolcha
 12723 | D:12     | Reached ****** piety under Okawaru
 12775 | D:12     | Noticed a boulder beetle
 12787 | D:12     | Killed a boulder beetle
 12788 | D:12     | Reached skill level 12 in Maces & Flails
 13087 | D:12     | Reached XP level 12. HP: 101/108 MP: 13/13
 13130 | D:12     | Found a runed translucent door.
 13286 | D:12     | Noticed an eight-headed hydra
 13286 | D:12     | Noticed a boulder beetle
 13286 | D:12     | Noticed a centaur warrior
 13314 | D:11     | Killed an eight-headed hydra
 13314 | D:11     | Received a gift from Okawaru
 13648 | D:12     | Killed a centaur warrior
 13649 | D:12     | Reached skill level 1 in Axes
 13652 | D:12     | Noticed an ettin
 13967 | D:11     | Killed a boulder beetle
 14234 | D:12     | Killed an ettin
 14593 | D:13     | Noticed Jorgrun
 14593 | D:13     | Found Ohenon's Antique Armour Shop.
 14716 | Lair:1   | Entered Level 1 of the Lair of Beasts
 14927 | Lair:1   | Noticed a four-headed hydra
 14935 | Lair:1   | Killed a four-headed hydra
 15090 | Lair:1   | Reached skill level 13 in Maces & Flails
 15769 | Lair:2   | Received a gift from Okawaru
 15806 | Lair:2   | Found a runed translucent door.
 15807 | Lair:2   | Noticed Qyfeak's ghost (journeyman DjVM)
 15808 | Lair:2   | Noticed a death yak
 15889 | Lair:2   | Found a frozen archway.
 15901 | IceCv    | Entered an ice cave
 16446 | IceCv    | Reached XP level 13. HP: 111/116 MP: 15/15
 16512 | IceCv    | Found an ancient bone altar of Kikubaaqudgha.
 16539 | IceCv    | Reached skill level 5 in Invocations
 16542 | IceCv    | Reached skill level 10 in Dodging
 17635 | Lair:3   | Reached skill level 5 in Evocations
 17713 | Lair:3   | Found a runed translucent door.
 17838 | Lair:3   | Reached skill level 14 in Maces & Flails
 17905 | Lair:3   | Found a staircase to the Snake Pit.
 18140 | Lair:3   | Found a staircase to the Swamp.
 18147 | Lair:3   | Found the +4 Cigotuvi's embrace {rMiasma Drain rN+}
 18394 | Lair:3   | Identified the +2 cloak of Okawaru's Anger {Harm *Corrode
                  | rF+ rN+} (Okawaru gifted it to you on level 3 of the Lair
                  | of Beasts)
 18394 | Lair:3   | Received a gift from Okawaru
 18395 | Lair:3   | Reached skill level 5 in Axes
 18409 | Lair:3   | Got the Catalogue of Conjuration
 19809 | Lair:4   | Killed from afar by a lindwurm

Illustrated notes

Levels and vault maps discovered:
D:1:      tarquinn_simple_flora_water_f, layout_rooms
D:2:      layout_loops_ring, shapermc_ecumenical_altar_mp_highgroup,
          basic_altar, uniq_terence
D:3:      layout_rooms, mainiacjoe_overflow_cross_hatched, lemuel_doored_altar
D:4:      layout_basic, kennysheep_little_box,
          nicolae_gozag_cash_rules_everything_around_me,
          mainiacjoe_overflow_small_starburst, minmay_temple_entry_proselytizer,
          enter_ossuary_1, portal_sewer_entry_f, item_on_display_a, uniq_grinder
D:5:      layout_loops_cross, jmf_multi_god_temple, serial_shops,
          nicolae_shop_advertising_works [nicolae_subvault_shop_adworks],
          minmay_misc_feat_five, grunt_decor_clamped, uniq_ijyb
D:6:      layout_loops_corners
D:7:      layout_loops_ring, lightli_temple_of_fire, enter_bailey_2,
          minmay_manual_mail, uniq_prince_ribbit1, uniq_maggie, uniq_pikel
D:8:      layout_loops_cross, uniq_joseph
D:9:      layout_gridville, due_lair_maze_entry_diamond
D:10:     layout_roguey [special_room_orc], orc_0_dummy,
          kennysheep_opposing_triangles
D:11:     layout_cave_pods, uniq_psyche
D:12:     layout_stronghold, kennysheep_pointless_box, lightli_airlock,
          uniq_erolcha
D:13:     layout_rooms, serial_shops, nicolae_shop_crystal, shop,
          nicolae_shop_competitors_out_of_business, shop, nicolae_square_shop,
          uniq_jorgrun
Temple:   compressed_dpeg_circular_temple
Lair:1:   layout_loops_ring
Lair:2:   layout_chaotic_city, ebering_ghost_inner_flame,
          portal_ice_cave_entry_pillars_1, grunt_megastairs_3,
          serial_bayou_shore_b
Lair:3:   layout_chaotic_city, swamp_mist_pool, guppyfry_snake_entry_garden,
          pf_torpor_hydra
Lair:4:   hangedman_what_comes_after_a, layout_loops_ring, minmay_lindwurm_lava

Skill      XL: |  1  2  3  4  5  6  7  8  9 10 11 12 13 |
---------------+----------------------------------------+-----
Dodging        | 1 2 3 4 5 6 8 9 10 | 10.6
Fighting       | 4 5 6 7 8 9 10 11 12 | 12.2
Armour         | 4 5 6 7 8 9 10 11 12 | 12.0
Shields        | 4 5 6 7 8 9 10 11 12 | 12.2
Maces & Flails | 3 4 5 6 8 10 12 13 14 | 14.6
Short Blades   | 2 5 8 9 |  9.8
Invocations    | 1 3 4 6 |  6.0
Evocations     | 1 3 4 5 |  5.8
Axes           | 3 5 |  5.8

Action                   |  1- 3 |  4- 6 |  7- 9 | 10-12 | 13-15 || total
-------------------------+-------+-------+-------+-------+-------++-------
Melee: Flail             |    83 |    13 |       |       |       ||    96
       Headbutt          |     7 |    34 |    80 |   179 |   109 ||   409
       Unarmed           |     7 |       |       |       |       ||     7
       Whip              |       |   157 |   393 |       |       ||   550
       Demon whip        |       |       |    47 |   460 |       ||   507
       Eveningstar       |       |       |       |   251 |   470 ||   721
Invok: Heroism           |       |       |       |       |     1 ||     1
  Use: Scroll            |       |     5 |    15 |    10 |     1 ||    31
       Potion            |       |     1 |     1 |     1 |     4 ||     7
 Stab: Distracted        |       |       |       |       |     1 ||     1
Armor: Scale mail        |    39 |    66 |   107 |   222 |   128 ||   562
Dodge: Dodged            |    34 |    58 |   156 |   241 |   137 ||   626
Block: Buckler           |    36 |    85 |    99 |       |       ||   220
       Reflection        |     1 |     1 |     4 |    33 |     1 ||    40
       Other             |     1 |       |       |       |       ||     1
       Kite shield       |       |       |   186 |   571 |   432 ||  1189

Table legend: (Time is in decaauts)
 A = Elapsed time spent in this place.
 B = Non-inter-level travel time spent in this place.
 C = Inter-level travel time spent in this place.
 D = Time resting spent in this place.
 E = Time spent auto-exploring this place.
 F = Levels seen in this place.
 G = Mean time per level.
                   A        B        C        D        E       F      G
               +--------+--------+--------+--------+--------+-----+--------+
         Total |  19668 |  19142 |    526 |   2743 |  11524 |  22 |  894.0 |
       Dungeon |  13020 |  12595 |    425 |   1835 |   8227 |  13 | 1001.5 |
        Temple |    132 |     94 |     38 |      0 |     77 |   1 |  132.0 |
          Lair |   4280 |   4217 |     63 |      0 |   3052 |   4 | 1070.0 |
         Sewer |    677 |    677 |      0 |    273 |     68 |   1 |  677.0 |
       Ossuary |    319 |    319 |      0 |      0 |     99 |   1 |  319.0 |
        Bailey |    477 |    477 |      0 |    218 |      0 |   1 |  477.0 |
      Ice Cave |    760 |    760 |      0 |    417 |      0 |   1 |  760.0 |
               +--------+--------+--------+--------+--------+-----+--------+

Top non-repeatable levels by time:
    D:11: 1850 daAuts
    D:12: 1723 daAuts
     D:7: 1515 daAuts
  Lair:4: 1348 daAuts
  Lair:2: 1140 daAuts
     D:2: 1125 daAuts
     D:6: 1119 daAuts
    D:10: 1104 daAuts
     D:5: 995 daAuts
     D:4: 975 daAuts
  Lair:1: 943 daAuts
     D:8: 905 daAuts
  Lair:3: 848 daAuts
     D:9: 775 daAuts
   IceCv: 760 daAuts
